 Dungeon Sprint DCSS version 0.16-a0-734-gc254e8c (webtiles) character file.

709 PolkaDot the Grappler (level 7, 0/72 HPs)
             Began as a Troll Monk on Sept 22, 2014.
             Was a Believer of Fedhas.
             Incinerated by a mottled dragon (4 damage)
             ... with a sticky flame
             ... in the Dungeon (Sprint IX: "|||||||||||||||||||||||||||||").
             The game lasted 00:03:13 (352 turns).

PolkaDot the Grappler (Troll Monk)                   Turns: 352, Time: 00:03:13

HP   0/72        AC  7     Str 20      XL: 7   Next: 40%
MP  13/16        EV 11     Int  6      God: Fedhas [**....]
Gold 0           SH  0     Dex 17      Spells:  0 memorised,  6 levels left

rFire  . . .     SeeInvis .       - Unarmed
rCold  . . .     Clarity  .     a - +0 robe (curse)
rNeg   . . .     rCorr    .     (shield restricted)
rPois  .         rRot     .     (helmet restricted)
rElec  .         Spirit   .     (no cloak)
SustAb .         Warding  .     (gloves unavailable)
rMut   .         NoTele   +     (boots unavailable)
Gourm  +                        (no amulet)
MR     .....                    o - +2 ring of protection
                                n - +3 ring of dexterity

@: liquid flames, glowing, not resistant to hostile enchantments, very
unstealthy
A: unfitting armour, claws 3, fast metabolism 3, gourmand, regeneration 2,
saprovore 2, shaggy fur 1, tough skin 2
a: Evolution, Sunlight, Renounce Religion


You were in the Dungeon.
You worshipped Fedhas.
Fedhas was pleased with you.
You were very full.

You visited 1 branch

Inventory:

Armour
 a - a cursed +0 robe (worn)
Magical devices
 m - a wand of fire (7)
Comestibles
 b - 2 meat rations
 j - a rotting chunk of ogre flesh
Scrolls
 h - 2 scrolls of blinking
 k - 3 scrolls of remove curse
 l - 2 scrolls of amnesia
Jewellery
 n - a +3 ring of dexterity (left claw)
 o - a +2 ring of protection (right claw)
Potions
 c - 5 potions of curing
 d - 3 potions of heal wounds
 e - a potion of haste
 f - 4 potions of magic
 g - a potion of berserk rage
 i - a potion of invisibility


   Skills:
 - Level 5.2 Fighting
 - Level 2.4 Dodging
 - Level 1.1 Stealth
 + Level 11.4 Unarmed Combat
 * Level 9.8 Invocations


You had 6 spell levels left.
You didn't know any spells.

Dungeon Overview and Level Annotations

Branches:
Dungeon (1/1)

Altars:
Cheibriados
Dithmenos
Elyvilon
Fedhas
Gozag
Kikubaaqudgha
Makhleb
Nemelex Xobeh
Okawaru
Qazlal
Sif Muna
Trog
Vehumet
Xom
Yredelemnul
Zin
The Shining One
Beogh
Jiyva
Lugonu


Innate Abilities, Weirdness & Mutations

You are too large for most types of armour.
You have claws for hands.
Your metabolism is lightning-fast.
You like to eat raw meat.
You heal very quickly.
You can eat rotten meat.
You are covered in fur (AC +1).
You have very tough skin (AC +2).


Message History

The sticky flame hits you!
You are covered in liquid flames!
* * * LOW HITPOINT WARNING * * *
You claw the mottled dragon!
The mottled dragon is severely wounded.
You are covered in liquid flames!
* * * LOW HITPOINT WARNING * * *
The mottled dragon barely misses you. The mottled dragon claws you.
* * * LOW HITPOINT WARNING * * *
You mangle the mottled dragon!!
You kill the mottled dragon!
You are covered in liquid flames!
* * * LOW HITPOINT WARNING * * *
You start resting.
You are covered in liquid flames!
* * * LOW HITPOINT WARNING * * *
You start resting.
You are covered in liquid flames!
You die...
Fedhas appreciates your contribution to the ecosystem. ▓▓▓▓▓▓▓▓▓▓▓▓▓▓▓▓▓▓▓▓▓▓ |)[[[..'......'.@....+ ▓▓▓▓▓▓▓▓▓▓▓▓▓▓▓▓▓▓▓▓▓▓

There were no monsters in sight!

Vanquished Creatures
  A wraith (D)
  A mottled dragon (D)
  An ogre (D)
  A crocodile (D)
  A big kobold (D)
  A giant frog (D)
  A crimson imp (D)
  2 jellies (D)
  A worker ant (D)
  A mummy (D)
  An adder (D)
  A bat (D)
  A giant cockroach (D)
  2 goblins (D)
  3 hobgoblins (D)
  A kobold (D)
  2 kobold skeletons (D)
22 creatures vanquished.

Notes
Turn   | Place    | Note
--------------------------------------------------------------
     0 | D        | PolkaDot, the Troll Monk, began the quest for the Orb.
     0 | D        | Reached XP level 1. HP: 22/22 MP: 1/1
    30 | D        | Reached skill level 5 in Unarmed Combat
    59 | D        | Noticed a worker ant
    59 | D        | Noticed an ogre
    61 | D        | Killed a worker ant
    61 | D        | Reached skill level 6 in Unarmed Combat
    61 | D        | Reached XP level 2. HP: 30/32 MP: 1/1
    61 | D        | Reached XP level 3. HP: 36/39 MP: 2/2
    69 | D        | Killed an ogre
    69 | D        | Reached skill level 5 in Fighting
    69 | D        | Reached skill level 8 in Unarmed Combat
    69 | D        | Reached XP level 4. HP: 21/50 MP: 2/2
   125 | D        | Found a glowing silver altar of Zin.
   125 | D        | Found a glowing golden altar of the Shining One.
   125 | D        | Found an ancient bone altar of Kikubaaqudgha.
   125 | D        | Found a basalt altar of Yredelemnul.
   125 | D        | Found a shimmering altar of Xom.
   125 | D        | Found a radiant altar of Vehumet.
   125 | D        | Found an iron altar of Okawaru.
   126 | D        | Found a burning altar of Makhleb.
   127 | D        | Found a deep blue altar of Sif Muna.
   128 | D        | Found a bloodstained altar of Trog.
   129 | D        | Found a sparkling altar of Nemelex Xobeh.
   130 | D        | Found a white marble altar of Elyvilon.
   131 | D        | Found a roughly hewn altar of Beogh.
   132 | D        | Found a viscous altar of Jiyva.
   133 | D        | Found a corrupted altar of Lugonu.
   134 | D        | Found a blossoming altar of Fedhas.
   135 | D        | Found a snail-covered altar of Cheibriados.
   136 | D        | Found a shadowy altar of Dithmenos.
   137 | D        | Found a stormy altar of Qazlal.
   138 | D        | Found an opulent altar of Gozag.
   145 | D        | Became a worshipper of Fedhas Madash
   145 | D        | Acquired Fedhas' first power
   145 | D        | Acquired Fedhas' second power
   240 | D        | Noticed a big kobold
   240 | D        | Noticed a wraith
   240 | D        | Noticed a jelly
   244 | D        | Killed a big kobold
   244 | D        | Reached skill level 9 in Unarmed Combat
   244 | D        | Reached XP level 5. HP: 57/57 MP: 2/6
   248 | D        | Killed a wraith
   248 | D        | Reached skill level 10 in Unarmed Combat
   248 | D        | Reached XP level 6. HP: 60/66 MP: 2/11
   255 | D        | Killed a jelly
   326 | D        | Noticed a giant frog
   326 | D        | Noticed a crimson imp
   326 | D        | Noticed a jelly
   326 | D        | Noticed a crocodile
   326 | D        | Noticed a mottled dragon
   335 | D        | Killed a giant frog
   336 | D        | Killed a crimson imp
   339 | D        | Killed a jelly
   339 | D        | Reached XP level 7. HP: 68/72 MP: 12/14
   346 | D        | Killed a crocodile
   346 | D        | Reached skill level 11 in Unarmed Combat
   350 | D        | Killed a mottled dragon
   351 | D        | HP: 3/72 [burnt (7)]
   352 | D        | Incinerated by a mottled dragon

Action                   |  1- 3 |  4- 6 |  7- 9 || total
-------------------------+-------+-------+-------++-------
Melee: Unarmed           |    33 |    29 |     9 ||    71
  Eat: Chunk             |     3 |     4 |       ||     7
